 Dungeon Crawl Stone Soup version 0.30.1-9-gdf580d7c3d (webtiles) character file.

Game seed: 5258443157852165766

3398 Groucho the Covert (level 9, -5/42 (43) HPs)
             Began as a Spriggan Enchanter on Oct 18, 2023.
             Was an Initiate of Dithmenos.
             Slain by a +2 spectral quarterstaff (8 damage)
             ... created by Joseph
             ... on level 8 of the Dungeon.
             The game lasted 00:21:31 (14697 turns).

Groucho the Covert (Spriggan Enchanter)            Turns: 14697, Time: 00:21:31

HP:   -5/42 (43)    AC:  3    Str:  4    XL:     9   Next: 75%
MP:   17/20         EV: 19    Int: 20    God:    Dithmenos [......]
Gold: 281           SH:  5    Dex: 16    Spells: 12/21 levels left

rFire   . . .        a - +1 dagger
rCold   . . .        (no shield)
rNeg    . . .        b - +0 robe
rPois   .            (helmet restricted)
rElec   .            f - +0 cloak
rCorr   .            (gloves unavailable)
SInv    +            (boots unavailable)
Will    +....        o - amulet of reflection
Stlth   +++++        s - ring of wizardry
HPRegen 0.27/turn    (no ring)
MPRegen 0.17/turn

%: reflection, wizardry (x1)
@: lightly drained, very quick
A: very small, no large weapons, unfitting armour, see invisible, speed 3
a: Renounce Religion


You were on level 8 of the Dungeon.
You worshipped Dithmenos.
Dithmenos was noncommittal.
You visited 2 branches of the dungeon, and saw 9 of its levels.

You collected 305 gold pieces.
You spent 24 gold pieces at shops.

Inventory:

Hand Weapons
 a - a +1 dagger (weapon)
Missiles
 p - a boomerang
 w - 3 poisoned darts
 E - a throwing net
Armour
 b - a +0 robe (worn)
 f - a +0 cloak (worn)
Jewellery
 o - an amulet of reflection (around neck)
 s - a ring of wizardry (left hand)
 F - an amulet of regeneration
Wands
 u - a wand of paralysis (9)
 B - a wand of flame (7)
 J - a wand of roots (7)
Scrolls
 g - a scroll of fog {unknown}
 h - 4 scrolls of vulnerability {unknown}
 j - a scroll of noise {unknown}
 k - 2 scrolls of enchant weapon {unknown}
 n - a scroll of amnesia {unknown}
 q - 2 scrolls of teleportation {unknown}
 t - 2 scrolls of immolation {unknown}
 v - 3 scrolls of identify
 y - a scroll of brand weapon {unknown}
 z - a scroll of magic mapping {unknown}
 D - 2 scrolls of blinking {unknown}
 I - a scroll of torment {unknown}
Potions
 c - 3 potions of invisibility
 d - 5 potions of curing
 e - a potion of might
 i - 3 potions of degeneration {unknown}
 l - 4 potions of heal wounds {unknown}
 m - a potion of lignification {unknown}
 r - a potion of haste {unknown}
 x - a potion of cancellation {unknown}
 A - a potion of ambrosia {unknown}
 C - a potion of berserk rage {unknown}
 G - a potion of brilliance {unknown}
 H - 3 potions of attraction {unknown}


   Skills:
 + Level 2.4 Fighting
 + Level 3.6 Short Blades
 + Level 5.0 Dodging
 * Level 12.3 Stealth
 + Level 6.9 Spellcasting
 * Level 3.4 Conjurations
 + Level 7.2 Hexes
 + Level 4.4 Earth Magic


You had 12 spell levels left.
You knew the following spells:

 Your Spells              Type           Power      Damage    Failure   Level
a - Ensorcelled Hibernat  Hex/Ice        42%        N/A       1%          2
b - Sandblast             Erth           48%        2d12      1%          1
c - Confusing Touch       Hex            35%        N/A       1%          3
d - Dazzling Flash        Conj/Hex       56%        N/A       1%          3

Your spell library contained the following spells:

 Spells                   Type           Power      Damage    Failure   Level
 Tukima's Dance           Hex            35%        N/A       1%          3
 Passwall                 Tmut/Erth      12%        N/A       2%          2
 Stone Arrow              Conj/Erth      44%        3d9       2%          3
 Ignite Poison            Fire/Tmut/Pois 6%         N/A       12%         3
 Sticky Flame             Conj/Fire      13%        2d4       19%         4
 Ignition                 Fire           3%         3d4       100%        8


Dungeon Overview and Level Annotations

Branches:
Dungeon (8/15)             Temple (1/1) D:7
   Lair: D:8-11

Altars:
Ashenzari
Cheibriados
Dithmenos
Elyvilon
Fedhas
Gozag
Hepliaklqana
Kikubaaqudgha
Makhleb
Nemelex Xobeh
Okawaru
Ru
Trog
Uskayaw
Vehumet
Wu Jian
Xom
Yredelemnul
Zin
The Shining One

Shops:
D:4 ?*   D:5 ?   D:7 :

Annotations:
D:4 3 runed translucent doors, Prykner's ghost, novice FoFi
D:8 Joseph


Innate Abilities, Weirdness & Mutations

You are very small and have problems with some larger weapons.
You are too small for most types of armour.
You have supernaturally acute eyesight. (SInv)
You cover ground extremely quickly. (Speed+++)


Message History

Done waiting.
You start waiting.
Done waiting.
You start waiting.
Done waiting.
There is a stone staircase leading down here.
You climb downwards.
Found a long ivory wand.
Found a stone staircase leading down.
There is a stone staircase leading up here.
Joseph, a Mercenary comes into view.
He is wielding a +2 spectral quarterstaff.
The helpless Joseph fails to defend himself.
You stick Joseph like a pincushion!!!
Joseph is almost dead.
Casting: Confusing Touch (safe; 1% risk of failure)
Confirm with . or Enter, or press ? or * to list all spells.
Aiming: Ensorcelled Hibernation (safe; 1% risk of failure)
Press: ? - help, Shift-Dir - straight line, f - Joseph
Aim: Joseph, wielding a +2 spectral quarterstaff and wearing a +0 ring mail (almost dead, chance to affect: 36%) Joseph easily resists.
Joseph hits you with a +2 spectral quarterstaff!
The +2 spectral quarterstaff hits you!
A +2 spectral quarterstaff comes into view.
Casting: Ensorcelled Hibernation (safe; 1% risk of failure)
Confirm with . or Enter, or press ? or * to list all spells.
Aiming: Sandblast (safe; 1% risk of failure)
Press: ? - help, Shift-Dir - straight line, f/p - Joseph
Aim: Joseph, wielding a +2 spectral quarterstaff and wearing a +0 ring mail (almost dead, 85% to hit)
The blast of sand misses Joseph.
Joseph hits you with a +2 spectral quarterstaff!
* * * LOW HITPOINT WARNING * * *
The +2 spectral quarterstaff completely misses you.
Joseph hits you with a +2 spectral quarterstaff.
* * * LOW HITPOINT WARNING * * *
The +2 spectral quarterstaff misses you.
Unknown command.
You feel better.
Joseph hits you with a +2 spectral quarterstaff!
* * * LOW HITPOINT WARNING * * *
The +2 spectral quarterstaff hits you!
You die...

##########
#........#
#@(.../..#
##@.>....#
#<.......#
#........#
#........#
#........#
##.##....#
#+# #####


You could see Joseph and a +2 spectral quarterstaff (wandering).

Vanquished Creatures
  Sigmund (D:2)
  A steam dragon (D:7)
  An acid dragon (D:7)
  A water moccasin (D:5)
  A black bear (D:6)
  3 sky beasts
  7 ogres
  A phantom (D:4)
  A bullfrog (D:7)
  5 scorpions
  4 wights (D:8)
  11 killer bees
  7 hounds
  A jelly (D:6)
  5 orc priests
  A sleepcap (D:6)
  3 iguanas
  5 orc wizards
  A gnoll (D:5)
  6 adders
  A white imp (D:6)
  2 worms
  4 dart slugs
  20 orcs
  10 endoplasms
  2 giant cockroaches
  7 goblins
  3 hobgoblins
  7 jackals
  5 quokkas
  3 ball pythons
  5 bats
  2 frilled lizards (D:1)
  4 kobolds
  11 rats
152 creatures vanquished.

Notes
Turn   | Place    | Note
-------+----------+-------------------------------------------
     0 | D:1      | Groucho the Spriggan Enchanter began the quest for the Orb.
     0 | D:1      | Reached XP level 1. HP: 9/9 MP: 5/5
   409 | D:1      | Reached skill level 5 in Stealth
   409 | D:1      | Reached XP level 2. HP: 13/13 MP: 6/6
   499 | D:1      | Learned a level 2 spell: Ensorcelled Hibernation
   501 | D:1      | Learned a level 1 spell: Sandblast
  1226 | D:1      | Found a faded altar of an unknown god.
  1944 | D:1      | Reached XP level 3. HP: 16/16 MP: 0/8
  1948 | D:1      | Learned a level 3 spell: Confusing Touch
  3819 | D:3      | Noticed Sigmund
  3864 | D:2      | Killed Sigmund
  3865 | D:2      | Reached skill level 7 in Stealth
  3865 | D:2      | Reached skill level 1 in Earth Magic
  3865 | D:2      | Reached XP level 4. HP: 19/21 MP: 3/11
  3865 | D:2      | Reached XP level 5. HP: 22/24 MP: 3/12
  4333 | D:3      | Found an ornate altar of the Wu Jian Council.
  4347 | D:3      | Found a blossoming altar of Fedhas.
  4475 | D:3      | Found a sparkling altar of Nemelex Xobeh.
  4475 | D:3      | Found an opulent altar of Gozag.
  4475 | D:3      | Found a white marble altar of Elyvilon.
  4787 | D:4      | Found Suguod's Magic Scroll Shop.
  4789 | D:4      | Bought a scroll of identify for 24 gold pieces
  4847 | D:4      | Reached XP level 6. HP: 28/28 MP: 4/13
  5471 | D:4      | Reached skill level 8 in Stealth
  5471 | D:4      | Reached skill level 5 in Hexes
  5952 | D:4      | Found Lazustry's Assorted Antiques.
  5966 | D:4      | Found a broken altar of Ashenzari.
  6518 | D:4      | Reached XP level 7. HP: 32/32 MP: 15/15
  6521 | D:4      | Found a runed translucent gate.
  6633 | D:4      | Reached skill level 9 in Stealth
  6633 | D:4      | Reached skill level 5 in Spellcasting
  6639 | D:4      | Found a runed translucent gate.
  6639 | D:4      | Found a runed translucent gate.
  7768 | D:4      | Learned a level 3 spell: Dazzling Flash
  8086 | D:4      | Noticed Prykner's ghost (novice FoFi)
  8112 | D:5      | Entered Level 5 of the Dungeon
  8124 | D:5      | Reached skill level 10 in Stealth
  8189 | D:5      | Found Suotebogg's Magic Scroll Emporium.
  8211 | D:5      | Reached XP level 8. HP: 36/36 MP: 12/17
  8385 | D:5      | Reached skill level 1 in Conjurations
  8883 | D:6      | Reached skill level 1 in Fighting
  9443 | D:6      | Reached skill level 11 in Stealth
 10462 | D:6      | Reached XP level 9. HP: 41/41 MP: 12/19
 11103 | D:7      | Found a burning altar of Makhleb.
 11170 | D:7      | Found a staircase to the Ecumenical Temple.
 11183 | D:7      | Found Himn's Book Boutique.
 11215 | Temple   | Entered the Ecumenical Temple
 11330 | Temple   | Became a worshipper of Dithmenos the Shadowed
 11619 | D:7      | Found a bloodstained altar of Trog.
 13058 | D:7      | Found a sacrificial altar of Ru.
 14034 | D:7      | Found a shimmering altar of Xom.
 14034 | D:7      | Found a shimmering altar of Xom.
 14036 | D:7      | Found a shimmering altar of Xom.
 14036 | D:7      | Found a shimmering altar of Xom.
 14040 | D:7      | Reached skill level 12 in Stealth
 14230 | D:8      | Reached skill level 5 in Dodging
 14692 | D:8      | Noticed Joseph
 14696 | D:8      | HP: 2/42 [Joseph/+2 spectral quarterstaff (4)]
 14697 | D:8      | Slain by a +2 spectral quarterstaff

Illustrated notes

Levels and vault maps discovered:
D:1:      onia_arrival_handbag, layout_basic, ebering_ecumenical_altar_rust,
          serial_corexii_hall, corexii_hall_statues_l, corexii_hall_statues_s
D:2:      layout_basic
D:3:      layout_loops_ring, lemuel_crystal_altar, fedhas_altar_3,
          gammafunk_temple_overflow_forgotten, uniq_sigmund
D:4:      layout_loops_corners, mainiacjoe_overflow_catwalk, serial_shops,
          nicolae_shop_real_fake_doors, nicolae_shop_rolled_up,
          gammafunk_ghost_icy
D:5:      layout_rooms, serial_shops, shop, minmay_misc_feat_room,
          cheibrodos_gnoll_hut
D:6:      layout_cave_pools, serial_bayou_pond_d
D:7:      kennysheep_steamy, layout_cave_pods, mainiacjoe_overflow_tiny_flanked,
          bloody_trog, nicolae_ru_sacrificial_ziggurat, xom_redecorated,
          minmay_temple_entry_junction, serial_shops, kennysheep_little_box
D:8:      nicolae_cairo_tiling, layout_gridville, serial_shops, shop,
          uniq_joseph
Temple:   eino_temple_lava

Skill      XL: |  1  2  3  4  5  6  7  8  9 |
---------------+----------------------------+-----
Stealth        | 5 7 8 10 11 12 | 12.3
Spellcasting   | 3 4 5 6 |  6.9
Hexes          | 4 5 6 7 |  7.2
Earth Magic    | 1 2 3 4 |  4.4
Dodging        | 4 5 |  5.0
Conjurations   | 2 3 |  3.4
Fighting       | 1 2 |  2.4
Short Blades   | 2 3 |  3.6

Action                     |  1- 3 |  4- 6 |  7- 9 || total
---------------------------+-------+-------+-------++-------
  Melee: Dagger            |    75 |    60 |   174 ||   309
         Punch             |       |     2 |     1 ||     3
   Cast: Ensorcelled Hiber |    14 |    21 |    85 ||   120
         Sandblast         |    15 |     7 |     6 ||    28
         Confusing Touch   |       |       |     7 ||     7
         Dazzling Flash    |       |       |     5 ||     5
    Use: Potion            |     1 |     2 |     5 ||     8
   Stab: Sleeping          |    22 |    15 |    74 ||   111
         Confused          |       |       |     6 ||     6
         Invisible         |       |       |     4 ||     4
 Armour: Robe              |     8 |     5 |    10 ||    23
  Dodge: Dodged            |    47 |    39 |   126 ||   212
  Block: Other             |       |     5 |    31 ||    36
